 Dungeon Crawl Stone Soup version 0.19.3-4-gbf9329e (webtiles) character file.

270 Jerry the Slasher (level 5, 0/45 HPs)
             Began as a Demigod Gladiator on Jan 27, 2017.
             Killed from afar by an orc wizard (3 damage)
             ... with a magic dart
             ... on level 5 of the Dungeon.
             The game lasted 00:07:36 (3618 turns).

Jerry the Slasher (Demigod Gladiator)               Turns: 3618, Time: 00:07:38

Health: 0/45       AC:  7    Str: 16 (18) XL:     5   Next: 69%
Magic:  7/7        EV: 20    Int: 11 (12) God:
Gold:   138        SH:  0    Dex: 22 (23) Spells: 0 memorised, 4 levels left

rFire  + . .     SeeInvis .     a - +0 long sword
rCold  . . .     Gourm    .     b - +0 leather armour
rNeg   . . .     Faith    .     (no shield)
rPois  .         Spirit   .     c - +0 helmet
rElec  .         Reflect  .     x - +1 cloak {MR+}
rCorr  .         Harm     .     l - +0 pair of gloves
MR     +....                    (no boots)
Stlth  +++.......               (no amulet)
                                (no ring)
                                k - ring of protection from fire

@: agile
A: high mp 1, robust 1
a: no special abilities


You were on level 5 of the Dungeon.
You were not hungry.

You visited 1 branch of the dungeon, and saw 6 of its levels.

You collected 138 gold pieces.

Inventory:

Hand Weapons
 a - a +0 long sword (weapon)
Missiles
 d - 3 throwing nets (quivered)
Armour
 b - a +0 leather armour (worn)
 c - a +0 helmet (worn)
 l - a +0 pair of gloves (worn)
 x - a +1 cloak of magic resistance (worn)
Jewellery
 k - a ring of protection from fire (left hand)
 n - an uncursed ring of see invisible {unknown}
Wands
 h - a wand of flame (32/48)
 u - a wand of confusion (20/48)
Scrolls
 e - a scroll of enchant weapon {unknown}
 i - a scroll of blinking {unknown}
 m - a scroll of magic mapping {unknown}
 p - 2 scrolls of enchant armour {unknown}
 q - a scroll of recharging {unknown}
 r - a scroll of amnesia {unknown}
 t - a scroll of teleportation {unknown}
 w - 4 scrolls of identify {unknown}
Comestibles
 f - 4 bread rations
 g - a slice of pizza
 j - 2 meat rations
 v - 2 chunks of flesh


   Skills:
 - Level 1.7 Fighting
 + Level 4.3 Long Blades
 - Level 1.7 Throwing
 + Level 2.8 Armour
 + Level 4.0 Dodging


You had 4 spell levels left.
You didn't know any spells.

Dungeon Overview and Level Annotations

Branches:
Dungeon (6/15)
 Temple: D:4-7

Annotations:
D:6 Blork the orc, Eustachio


Innate Abilities, Weirdness & Mutations

You have an increased reservoir of magic. (+10% MP)
You are robust. (+10% HP)


Message History

You feel robust.
You feel fantastic! Something hits you.
* * * LOW HITPOINT WARNING * * *
The orc wizard hits you but does no damage.
It was a potion of agility.
You feel agile all of a sudden.
The orc wizard casts a spell.
The orc wizard blinks!
Something hits you but does no damage.
You hit the orc wizard.
The orc wizard is heavily wounded.
The orc wizard hits you with a dagger.
* * * LOW HITPOINT WARNING * * *
Something hits you but does no damage. The orc wizard closely misses you.
You hit the orc wizard but do no damage.
The orc wizard is heavily wounded.
The orc wizard hits you but does no damage.
Something hits you but does no damage.
The orc wizard gestures at you while chanting.
The magic dart hits you!
You die...

.........# #..#
.........# #..#
.......... #..#
.........##..#
#####.....#..####..
##...##....)........
##.....## #o#
#..>.>..#####.#
#.^.^...#..o@.#
#...>...#.###.#
##.....##.# #.#
##...##..# #..
#'''#..## ####
#.....## #######


You could see an orc wizard and an orc.

Vanquished Creatures
  Crazy Yiuf (D:2)
  An orc priest (D:4)
  An orc wizard (D:3)
  Jessica (D:2)
  Ijyb (D:2)
  A gnoll (D:3)
  2 adders (D:2)
  5 worms
  3 dart slugs
  2 leopard geckos
  7 orcs
  8 bats
  4 giant cockroaches
  9 goblins
  10 hobgoblins
  8 jackals
  A quokka (D:2)
  2 ball pythons (D:2)
  3 frilled lizards
  3 kobolds
  3 rats
76 creatures vanquished.

Notes
Turn   | Place    | Note
-------+----------+-------------------------------------------
     0 | D:1      | Jerry the Demigod Gladiator began the quest for the Orb.
     0 | D:1      | Reached XP level 1. HP: 17/17 MP: 3/3
   340 | D:1      | Reached XP level 2. HP: 16/24 MP: 4/4
   541 | D:1      | Reached skill level 1 in Armour
   779 | D:1      | Reached XP level 3. HP: 28/29 MP: 5/5
  1494 | D:2      | Noticed Ijyb
  1511 | D:2      | Killed Ijyb
  1511 | D:2      | Reached XP level 4. HP: 36/36 MP: 6/6
  1878 | D:2      | Noticed Jessica
  1883 | D:2      | Killed Jessica
  1985 | D:2      | Found a runed door.
  1989 | D:2      | Noticed Crazy Yiuf
  1999 | D:2      | Killed Crazy Yiuf
  1999 | D:2      | Reached XP level 5. HP: 15/41 MP: 4/7
  2573 | D:3      | HP: 1/41 [gnoll/spear (5)]
  3513 | D:4      | You fall through a shaft for 2 floors!
  3513 | D:6      | Noticed Eustachio
  3530 | D:6      | Noticed Blork the orc
  3532 | D:6      | Noticed an orc warrior
  3551 | D:5      | Entered Level 5 of the Dungeon
  3614 | D:5      | Gained mutation: You are robust. (+10% HP) [potion of beneficial mutation]
  3618 | D:5      | Killed from afar by an orc wizard

Skill      XL: |  1  2  3  4  5 |
---------------+----------------+-----
Long Blades    | 3 4 |  4.3
Dodging        | 3 4 |  4.0
Armour         | 1 2 |  2.8
Fighting       | |  1.7
Throwing       | |  1.7

Action                   |  1- 3 |  4- 6 || total
-------------------------+-------+-------++-------
Melee: Long sword        |   110 |   128 ||   238
Throw: Throwing net      |     2 |       ||     2
  Use: Potion            |       |     5 ||     5
 Stab: Sleeping          |     2 |     3 ||     5
       Held in net/web   |     2 |       ||     2
  Eat: Chunk             |     2 |     7 ||     9
Armor: Leather armour    |    38 |    46 ||    84
Dodge: Dodged            |    77 |   133 ||   210
       Rpst.: Long sword |    26 |    39 ||    65
